 Dungeon Crawl Stone Soup version 0.24-a0-619-gb7544fd237 (webtiles) character file.

Game seed: 11267677276577077190, levelgen mode: deterministic

282 Oninnaise the Chopper (level 6, -1/48 HPs)
             Began as a Formicid Chaos Knight on Sept 18, 2019.
             Was a Plaything of Xom.
             Killed by nerve-wracking pain
             ... invoked by an orc priest
              (13 damage)
             ... on level 4 of the Dungeon.
             The game lasted 00:08:19 (2963 turns).

Oninnaise the Chopper (Formicid Chaos Knight)       Turns: 2963, Time: 00:08:19

Health: -1/48      AC:  8    Str: 19    XL:     6   Next: 54%
Magic:  6/6        EV: 10    Int: 11    God:    Xom [.*....]
Gold:   67         SH:  0    Dex: 10    Spells: 5/5 levels left

rFire    . . .     SeeInvis +   a - +0 hand axe (chaos)
rCold    . . .     Gourm    .   (no shield)
rNeg     . . .     Faith    .   e - +3 ring mail
rPois    .         Spirit   .   (helmet unavailable)
rElec    .         Reflect  .   (no cloak)
rCorr    .         Harm     .   (no gloves)
MR       .....                  (no boots)
Stlth    ..........             (no amulet)
HPRegen  0.16/turn              (no ring)
MPRegen  0.10/turn              (no ring)

@: no status effects
A: permanent stasis, dig shafts and tunnels, four strong arms, antennae 3,
screaming 1
a: Dig, Shaft Self, Renounce Religion


You were on level 4 of the Dungeon.
You worshipped Xom.
You were a plaything of Xom.
You were not hungry.

You visited 1 branch of the dungeon, and saw 4 of its levels.

You collected 67 gold pieces.

Inventory:

Hand Weapons
 a - a +0 hand axe of chaos (weapon)
Armour
 b - a +2 leather armour
 e - a +3 ring mail (worn)
Wands
 f - a wand of iceblast (11)
Scrolls
 c - a scroll of magic mapping
 h - a scroll of identify
Potions
 d - a potion of cancellation
 k - a potion of flight
Comestibles
 g - 2 rations


   Skills:
 - Level 3.6 Fighting
 + Level 6.6 Axes
 - Level 2.4 Armour
 - Level 0.8 Dodging


You had 5 spell levels left.
You didn't know any spells.
Your spell library was empty.

Dungeon Overview and Level Annotations

Branches:
Dungeon (4/15)
 Temple: D:4-7

Altars:
Dithmenos
Gozag
Kikubaaqudgha
Okawaru
Sif Muna


Innate Abilities, Weirdness & Mutations

You cannot be hasted, slowed, berserked, paralysed or teleported.
You can dig through walls and to a lower floor.
Your four strong arms can wield two-handed weapons with a shield.
You have a pair of large antennae on your head. (SInv)
You occasionally shout uncontrollably at your foes.


Message History

The orc priest miscasts a cantrip.
You hit the orc priest.
The orc priest is poisoned.
The orc priest is lightly wounded.
The orc priest barely misses you.
You barely miss the orc priest.
The orc priest is lightly wounded.
The orc priest hits you but does no damage.
You barely miss the orc priest.
The orc priest is moderately wounded.
The orc priest hits you but does no damage.
You barely miss the orc priest.
The orc priest is moderately wounded.
The orc priest calls upon Beogh to heal the orc priest.
The orc priest is healed somewhat.
You closely miss the orc priest.
The orc priest is lightly wounded.
The orc priest mumbles some strange prayers to Beogh against you.
Pain shoots through your body!
You die...
Xom is highly amused!

### #.)
##########.######.####
#.......##.#o......o..
###.#####.##.#o####.####
..........##.#@#
###.####..##.#.# #
#.......#. {
#.####.###.#......#
#..........#.#.####
####.......#.#.#
#...............
####.##.##.#....#
####.##.##.#### #


You could see 2 orc priests.

Vanquished Creatures
  A centaur skeleton (D:4)
  2 orc wizards (D:3)
  Ijyb (D:2)
  A worker ant (D:4)
  4 adders (D:2)
  4 gnolls
  An adder skeleton (D:4)
  A worm (D:3)
  3 dart slugs (D:1)
  A leopard gecko (D:2)
  6 orcs
  5 bats
  3 giant cockroaches (D:2)
  14 goblins
  8 hobgoblins
  6 jackals
  2 ball pythons (D:2)
  3 frilled lizards
  3 kobolds
  4 rats
73 creatures vanquished.

Vanquished Creatures (others)
  An orc (D:3)
  A rat (D:3)
2 creatures vanquished.

Grand Total: 75 creatures vanquished

Notes
Turn   | Place    | Note
-------+----------+-------------------------------------------
     0 | D:1      | Oninnaise the Formicid Chaos Knight began the quest for the
                  | Orb.
     0 | D:1      | Reached XP level 1. HP: 18/18 MP: 1/1
    77 | D:1      | Reached XP level 2. HP: 21/24 MP: 2/2
   147 | D:1      | XOM: harmless Air miscast
   552 | D:1      | Reached XP level 3. HP: 20/30 MP: 3/3
   889 | D:1      | Reached skill level 4 in Axes
  1048 | D:2      | Reached XP level 4. HP: 37/37 MP: 4/4
  1143 | D:2      | XOM: chaos upgrade
  1149 | D:2      | HP: 1/37 [gnoll (5)]
  1450 | D:2      | Found an iron altar of Okawaru.
  1492 | D:2      | Reached skill level 5 in Axes
  1492 | D:2      | Reached XP level 5. HP: 23/42 MP: 5/5
  1502 | D:2      | XOM: harmless Erth miscast
  1505 | D:2      | Noticed Ijyb
  1514 | D:2      | Killed Ijyb
  2093 | D:2      | XOM: noise
  2258 | D:2      | XOM: god gift: 22 gold pieces
  2380 | D:2      | XOM: summons 2 hostile demons
  2406 | D:2      | XOM: give mutation
  2406 | D:2      | Gained mutation: You occasionally shout uncontrollably at
                  | your foes. [Xom's mischief]
  2559 | D:3      | Reached skill level 6 in Axes
  2559 | D:3      | Reached XP level 6. HP: 31/48 MP: 6/6
  2569 | D:3      | XOM: noise
  2572 | D:3      | XOM: god gift: ration
  2588 | D:3      | Found an opulent altar of Gozag.
  2590 | D:3      | Found a shimmering blue altar of Sif Muna.
  2643 | D:3      | Found an ancient bone altar of Kikubaaqudgha.
  2709 | D:3      | Found a shadowy altar of Dithmenos.
  2712 | D:3      | Noticed a steam dragon
  2712 | D:3      | an orc changed into a steam dragon
  2888 | D:4      | XOM: harmless Fire miscast
  2963 | D:4      | Killed from afar by an orc priest

Levels and vault maps discovered:
D:1:      zaba_arrival_water, layout_rooms
D:2:      kennysheep_the_goblin_king, layout_loops_ring, okawaru_trees_2
D:3:      layout_basic, grunt_temple_overflow_open,
          nicolae_overflow_crystal_walls
D:4:      layout_basic, first_ration, serial_shops, kennysheep_little_box,
          kennysheep_slug_shrine, uniq_edmund

Skill      XL: |  1  2  3  4  5 |
---------------+----------------+-----
Axes           | 4 5 6 |  6.6
Fighting       | |  3.6
Armour         | |  2.4
Dodging        | |  0.8

Action                   |  1- 3 |  4- 6 || total
-------------------------+-------+-------++-------
Melee: Hand axe          |    62 |   164 ||   226
  Use: Potion            |     2 |     4 ||     6
       Scroll            |       |     4 ||     4
 Stab: Paralysed         |     1 |     8 ||     9
       Petrified         |       |     6 ||     6
  Eat: Ration            |       |     2 ||     2
Armor: Leather armour    |    17 |    52 ||    69
       Ring mail         |       |    14 ||    14
Dodge: Dodged            |    39 |   125 ||   164

Table legend:
 A = Non-vault XP
 B = Vault XP
 C = Vault XP percentage of total XP
 D = Non-vault monster count
 E = Vault monster count
 F = Vault count percentage of total count
                 A         B        C        D         E       F
            +---------+---------+-------+---------+---------+-------
      Total |     359 |      45 |  11.1 |      67 |       7 |   9.5
            +---------+---------+-------+---------+---------+-------
        D:1 |      55 |       0 |   0.0 |      21 |       0 |   0.0
        D:2 |     138 |      45 |  24.6 |      31 |       7 |  18.4
        D:3 |      89 |       0 |   0.0 |      11 |       0 |   0.0
        D:4 |      77 |       0 |   0.0 |       4 |       0 |   0.0
            +---------+---------+-------+---------+---------+-------
